 Dungeon Crawl Stone Soup version 0.18-a0-1562-gac8da35 (webtiles) character file.

14187 Ratboiler the Basher (level 12, 0/66 HPs)
             Began as a Vine Stalker Wanderer on Mar 13, 2016.
             Was an Initiate of Gozag.
             Engulfed by an ice statue's freezing vapour (3 damage)
             ... in an ice cave.
             The game lasted 00:52:52 (13894 turns).

Ratboiler the Basher (Vine Stalker Wanderer)       Turns: 13894, Time: 00:52:52

Health: 0/66       AC: 15    Str: 15    XL:     12   Next: 13%
Magic:  0/13       EV: 15    Int: 17    God:    Gozag
Gold:   317        SH:  0    Dex: 19    Spells: 0 memorised, 11 levels left

rFire  + . .     SeeInvis .     a - +3 demon whip (venom)
rCold  + . .     Gourm    .     M - +3 leather armour of Amaqicw {Stlth+}
rNeg   . . .     Faith    .     (no shield)
rPois  +         Spirit   +     W - +1 helmet
rElec  +         Dismiss  .     P - +2 cloak {MR+}
rCorr  +         Reflect  .     (no gloves)
SustAt .         Harm     .     O - +0 pair of boots {Stlth+}
MR     ++...                    X - amulet of regeneration
Stlth  ++++......               B - +2 ring of protection
                                k - +4 ring of evasion

@: brilliant, about to teleport, resistant, very resistant to hostile
enchantments, stealthy
A: fangs 3, regeneration 3, magic shield, antimagic bite, no device heal 3, rot
immunity
a: Potion Petition, Call Merchant, Bribe Branch, Renounce Religion


You were in an ice cave.
You worshipped Gozag.
Gozag was noncommittal.
You were not hungry.

You visited 3 branches of the dungeon, and saw 14 of its levels.
You also visited: Ice Cave.

You collected 3013 gold pieces.
You spent 1305 gold pieces at shops.
You paid 1391 gold pieces to Gozag.

Inventory:

Hand Weapons
 a - a +3 demon whip of venom (weapon)
 b - a +0 blowgun
 c - a +0 whip of freezing
 j - a +0 antimagic war axe
 x - a +2 hand crossbow
Missiles
 h - 91 bolts
 m - 4 needles of confusion
 t - 27 tomahawks
 y - 28 poisoned needles
 Q - 16 bolts of frost
 R - 3 poisoned tomahawks (quivered)
Armour
 M - the +3 leather armour of Amaqicw (worn) {Stlth+}
   (You bought it in a shop on level 1 of the Lair of Beasts)

   It makes you more stealthy.
 O - a +0 pair of boots of stealth (worn)
 P - a +2 cloak of magic resistance (worn)
 V - the +6 chain mail of Qeopiodet {rElec rC- Regen+ SInv}
   (You bought it in a shop on level 6 of the Dungeon)

   It makes you vulnerable to cold.
   It insulates you from electricity.
   It lets you see invisible.
   It increases your rate of regeneration.
 W - a +1 helmet (worn)
 Y - the +2 shield of Whack-A-Mole {Dex+3}
   (You bought it in a shop on level 1 of the Lair of Beasts)

   It affects your dexterity (+3).
Jewellery
 k - a +4 ring of evasion (left hand)
 n - an uncursed ring of see invisible
 B - a +2 ring of protection (right hand)
 F - a +3 ring of dexterity
 X - an amulet of regeneration (around neck)
Wands
 e - a wand of acid (0/15)
 p - a wand of teleportation (1/9)
 w - a wand of random effects (33/48)
 E - a wand of lightning (0/15)
 G - a wand of iceblast (10/15)
 J - a wand of flame (19/48)
 K - a wand of random effects (19/48)
 T - a wand of polymorph (11/24)
Scrolls
 d - a scroll of magic mapping
 g - 2 scrolls of teleportation
 i - 3 scrolls of immolation
 o - 3 scrolls of recharging
 q - 2 scrolls of fear
 r - 3 scrolls of enchant weapon
 s - a scroll of fog
 u - 5 scrolls of remove curse
 A - 2 scrolls of enchant armour
 C - a scroll of noise
Potions
 v - a potion of might
 D - 2 potions of cure mutation
 I - 2 potions of heal wounds
 L - 2 potions of cancellation
 U - 2 potions of lignification
Books
 l - a book of Debilitation

   Spells                             Type                      Level
   a - Corona                         Hexes                        1
   b - Slow                           Hexes                        2
   c - Gell's Gravitas                Hexes/Translocation          3
   d - Inner Flame                    Hexes/Fire                   3
   e - Cause Fear                     Hexes                        4
   f - Leda's Liquefaction            Hexes/Earth                  4
Comestibles
 f - 2 bread rations
 N - 15 fruits


   Skills:
 + Level 9.1 Fighting
 - Level 14.0 Maces & Flails
 - Level 1.0 Crossbows
 - Level 1.0 Throwing
 + Level 6.5 Armour
 - Level 1.2 Stealth


You had 11 spell levels left.
You didn't know any spells.

Dungeon Overview and Level Annotations

Branches:
Dungeon (11/15)            Temple (1/1) D:4            Lair (2/8) D:11
    Orc (0/2) D:11

Altars:
Ashenzari
Cheibriados
Dithmenos
Elyvilon
Fedhas
Gozag
Kikubaaqudgha
Makhleb
Nemelex Xobeh
Okawaru
Pakellas
Qazlal
Ru
Sif Muna
Trog
Vehumet
Xom
Yredelemnul
Zin
The Shining One

Shops:
D:6 [   Lair:1 [

Annotations:
D:1 1 runed door
Lair:1 exclusion: oklob plant IceCv exclusion: ice statue


Innate Abilities, Weirdness & Mutations

You have razor-sharp teeth.
You regenerate.
When hurt, damage is shared between your health and your magic reserves.
Your bite disrupts and absorbs the magic of your enemies.
Potions and wands cannot restore your health.
You are immune to rotting.


Message History

As you read the scroll of teleportation, it crumbles to dust.
You feel strangely unstable. The ice statue throws cold at you.
The freezing blast misses you.
Evoke which item? (* to show all) (? for menu, Esc to quit)
Okay, then.
Unknown command.
Drink which item? (? for menu, Esc to quit)
It was a potion of resistance.
You feel protected.
You are engulfed in freezing vapours.
You resist.
* * * LOW HITPOINT WARNING * * *
The ice statue throws cold at you. The bolt of cold misses you.
Drink which item? (? for menu, Esc to quit)
It was a potion of brilliance.
You feel clever all of a sudden.
You are engulfed in freezing vapours.
You resist.
You die...
Your body crumbles into a pile of gold.

# ##. # #...
..#
#....####...#
#..§@§§...#
#.§§8§...##
##..§.§.##
##....##
#...## ##...
###. ##


You could see an ice statue.

Vanquished Creatures
  2 unseen horrors
  Pikel (D:6)
  A spiny frog (Lair:1)
  5 komodo dragons
  Grinder (D:5)
  2 two-headed ogres
  Sigmund (D:6)
  2 wyverns
  10 yaks
  A hungry ghost (D:7)
  2 hippogriffs
  4 water moccasins
  3 porcupines
  4 orc warriors
  12 ice beasts
  4 phantoms
  A sky beast (D:9)
  4 slaves (D:6)
  2 necrophages
  7 ogres
  2 black bears
  2 crocodiles
  5 centaurs
  2 big kobolds
  Blork the orc (D:5)
  6 giant frogs
  4 scorpions
  7 killer bees
  A water moccasin skeleton (D:11)
  3 wights (D:7)
  6 electric eels
  7 howler monkeys
  6 crimson imps
  2 quasits (D:10)
  2 giant frog zombies
  A centaur zombie (D:11)
  13 orc priests
  A jelly (D:8)
  3 hounds
  3 centaur skeletons
  5 iguanas
  13 orc wizards
  A giant frog skeleton (D:8)
  9 worker ants
  2 hound skeletons
  4 gnolls
  8 river rats
  21 adders
  2 shadow imps (D:8)
  2 adder skeletons
  An adder zombie (D:5)
  A dart slug (D:3)
  4 giant geckos
  71 orcs
  2 ball pythons
  7 bats
  8 giant cockroaches
  9 goblins
  7 hobgoblins
  6 jackals
  4 quokkas
  A giant gecko skeleton (D:4)
  5 giant newts
  2 jackal zombies (D:5)
  20 kobolds
  5 rats
366 creatures vanquished.

Vanquished Creatures (others)
  An orc (D:6)
  A fungus (Lair:1)
2 creatures vanquished.

Grand Total: 368 creatures vanquished

Notes
Turn   | Place    | Note
--------------------------------------------------------------
     0 | D:1      | Ratboiler the Vine Stalker Wanderer began the quest for the Orb.
     0 | D:1      | Ratboiler set off with: a +2 hand crossbow, 25 bolts, a scroll of teleportation, a potion of curing, a +0 robe, a bread ration
     0 | D:1      | Reached XP level 1. HP: 14/14 MP: 2/2
     1 | D:1      | Found a runed door.
    92 | D:1      | Reached skill level 1 in Maces & Flails
   171 | D:1      | Reached XP level 2. HP: 12/18 MP: 3/3
   834 | D:2      | Reached skill level 2 in Maces & Flails
   834 | D:2      | Reached XP level 3. HP: 23/23 MP: 4/4
  1332 | D:2      | Reached skill level 3 in Maces & Flails
  1332 | D:2      | Reached XP level 4. HP: 22/27 MP: 5/5
  2027 | D:4      | Reached XP level 5. HP: 21/30 MP: 4/6
  2166 | D:4      | Found a staircase to the Ecumenical Temple.
  2177 | D:4      | Reached skill level 4 in Maces & Flails
  2179 | Temple   | Entered the Ecumenical Temple
  2370 | Temple   | Became a worshipper of Gozag Ym Sagoz the Greedy
  2680 | D:3      | Found a faded altar to an unknown god.
  3608 | D:4      | Reached skill level 5 in Maces & Flails
  3608 | D:4      | Gained mutation: You heal very quickly. [Vine Stalker growth]
  3608 | D:4      | Reached XP level 6. HP: 35/35 MP: 7/7
  3977 | D:5      | Entered Level 5 of the Dungeon
  3977 | D:5      | Noticed Blork the orc
  4009 | D:5      | Noticed an ice beast
  4014 | D:5      | Killed an ice beast
  4071 | D:5      | Reached skill level 6 in Maces & Flails
  4081 | D:5      | Reached XP level 7. HP: 37/39 MP: 8/8
  4316 | D:5      | Noticed Grinder
  4341 | D:5      | Paralysed by Grinder for 6 turns
  4481 | D:5      | You fall through a shaft for 2 floors!
  4495 | D:7      | Reached skill level 7 in Maces & Flails
  4691 | D:8      | Reached skill level 8 in Maces & Flails
  4691 | D:8      | Gained mutation: You have razor-sharp teeth. [Vine Stalker growth]
  4691 | D:8      | Reached XP level 8. HP: 31/44 MP: 5/9
  4875 | D:8      | Noticed a two-headed ogre
  4893 | D:8      | Killed a two-headed ogre
  4893 | D:8      | Reached skill level 9 in Maces & Flails
  5109 | D:8      | Reached skill level 10 in Maces & Flails
  5335 | D:7      | Reached XP level 9. HP: 40/47 MP: 8/10
  5892 | D:6      | Reached skill level 11 in Maces & Flails
  5955 | D:6      | Noticed Pikel
  6009 | D:5      | Paralysed by Grinder for 2 turns
  6414 | D:6      | Noticed Sigmund
  6630 | D:6      | Killed Sigmund
  7118 | D:6      | Killed Pikel
  7118 | D:6      | Reached skill level 12 in Maces & Flails
  7177 | D:6      | Bought a pair of glowing boots for 108 gold pieces
  7177 | D:6      | Bought an embroidered cloak for 108 gold pieces
  7280 | D:8      | Reached XP level 10. HP: 45/51 MP: 11/11
  7471 | D:8      | Found a stormy altar of Qazlal.
  8074 | D:9      | Reached skill level 13 in Maces & Flails
  8238 | D:9      | Found a basalt altar of Yredelemnul.
  9015 | D:9      | Reached skill level 14 in Maces & Flails
  9278 | D:9      | Reached XP level 11. HP: 56/56 MP: 12/12
  9330 | D:9      | Found a blossoming altar of Fedhas.
  9922 | D:6      | Bought an ichor-stained ring mail for 216 gold pieces
  9922 | D:6      | Bought a steaming ring mail for 216 gold pieces
  9922 | D:6      | Bought a scorched chain mail for 228 gold pieces
  9932 | D:6      | Identified the +0 ring mail of Deuq {rElec MR+ Str-4} (You bought it in a shop on level 6 of the Dungeon)
  9942 | D:6      | Identified the cursed +1 ring mail of Oraprie {rElec} (You bought it in a shop on level 6 of the Dungeon)
  9953 | D:6      | Identified the +6 chain mail of Qeopiodet {rElec rC- Regen+ SInv} (You bought it in a shop on level 6 of the Dungeon)
 10105 | D:5      | Killed Blork the orc
 10293 | D:5      | Found a sparkling altar of Nemelex Xobeh.
 10508 | D:5      | Killed Grinder
 10617 | D:10     | Entered Level 10 of the Dungeon
 10679 | D:10     | Noticed an unseen horror
 10704 | D:10     | Killed an unseen horror
 11534 | D:11     | Found a staircase to the Lair.
 11724 | D:11     | Found a staircase to the Orcish Mines.
 11994 | D:11     | Noticed an unseen horror
 12025 | D:11     | Killed an unseen horror
 12035 | D:11     | Reached skill level 5 in Armour
 12095 | D:11     | Noticed a hill giant
 12315 | Lair:1   | Entered Level 1 of the Lair of Beasts
 12333 | Lair:1   | Bought a transparent shield for 247 gold pieces
 12338 | Lair:1   | Identified the +2 shield of Whack-A-Mole {Dex+3} (You bought it in a shop on level 1 of the Lair of Beasts)
 13120 | Lair:1   | Found a blossoming altar of Fedhas.
 13156 | Lair:1   | Noticed an oklob plant
 13503 | Lair:1   | Bought a warped leather armour for 182 gold pieces
 13513 | Lair:1   | Identified the +3 leather armour of Amaqicw {Stlth+} (You bought it in a shop on level 1 of the Lair of Beasts)
 13534 | Lair:2   | Identified a scroll of acquirement
 13671 | Lair:2   | Gained mutation: You regenerate. [Vine Stalker growth]
 13671 | Lair:2   | Reached XP level 12. HP: 57/65 MP: 13/13
 13817 | Lair:2   | Found a frozen archway.
 13876 | IceCv    | Entered an ice cave
 13893 | IceCv    | HP: 2/66 [ice statue] (8)]
 13894 | IceCv    | Engulfed by an ice statue's freezing vapour

Vault maps used:
D:1:      dpeg_arrival_caged_fury, minmay_misc_feat_x, serial_bayou_pond_c
D:2:      serial_glass, glass_columns_a, glass_columns_b
D:3:      ecumenical_altar_1
D:4:      minmay_temple_entry_junction, first_bread
D:5:      marbit_many_paths, abandoned_shop, uniq_blork_the_orc, uniq_grinder
D:6:      serial_bayou, serial_bayou_pond_d, serial_bayou_lake_a,
          serial_bayou_crossing, serial_bayou_lagoon_a, grunt_decor_cap,
          uniq_pikel, uniq_sigmund
D:7:      kennysheep_nub
D:8:      kennysheep_mini_moat
D:9:      kennysheep_mini, hangedman_tree_tricks
D:11:     lair_0_dummy, hiddenorc2_lemuel, serial_shops, shop
Temple:   minmay_crystal_snake_temple_18
Lair:1:   tgw_fedhas
Lair:2:   portal_ice_cave_entry_ice_beasts, infiniplex_staircase_pool
IceCv:    ice_cave_small_necro

Skill      XL: |  1  2  3  4  5  6  7  8  9 10 11 12 |
---------------+-------------------------------------+-----
Maces & Flails | 1 2 3 5 6 8 10 12 14 | 14.0
Armour         | 2 6 |  6.5
Fighting       | 8 9 |  9.1
Crossbows      | |  1.0
Throwing       | |  1.0
Stealth        | |  1.2

Action                   |  1- 3 |  4- 6 |  7- 9 | 10-12 || total
-------------------------+-------+-------+-------+-------++-------
Melee: Club              |    86 |   121 |       |       ||   207
       Mace              |       |    80 |    75 |       ||   155
       Whip              |       |    17 |    14 |  1061 ||  1092
       Flail             |       |       |   227 |       ||   227
       Demon whip        |       |       |       |    73 ||    73
 Fire: Hand crossbow     |    20 |     8 |    19 |    11 ||    58
       Blowgun           |       |       |    34 |    17 ||    51
Throw: Stone             |    10 |       |       |     1 ||    11
       Tomahawk          |       |     7 |     8 |     4 ||    19
Invok: Call Merchant     |       |       |     1 |     1 ||     2
Evoke: Wand              |     1 |     4 |     3 |     7 ||    15
  Use: Scroll            |     4 |     2 |     3 |    17 ||    26
       Potion            |     1 |       |     1 |     3 ||     5
 Stab: Sleeping          |     2 |     1 |     1 |     4 ||     8
       Distracted        |       |     1 |     1 |     6 ||     8
       Confused          |       |       |       |     1 ||     1
  Eat: Chunk             |     1 |     3 |     3 |       ||     7
       Meat ration       |       |     1 |     3 |     1 ||     5
       Beef jerky        |       |     1 |       |     2 ||     3
       Bread ration      |       |       |     1 |     3 ||     4
       Pizza             |       |       |       |     1 ||     1
